 Dungeon Crawl Stone Soup version 0.30.0-5-g1a98f26d00 (webtiles) character file.

Game seed: 3727302635912283953

63 dialectric the Cutter (level 3, 0/19 HPs)
             Began as a Spriggan Chaos Knight on May 9, 2023.
             Was a Plaything of Xom.
             Slain by a gnoll
             ... wielding a +0 spear
              (7 damage)
             ... on level 2 of the Dungeon.
             The game lasted 00:01:25 (1698 turns).

dialectric the Cutter (Spriggan Chaos Knight)       Turns: 1698, Time: 00:01:25

Health: 0/19       AC:  4    Str: 14    XL:     3   Next: 87%
Magic:  4/4        EV: 18    Int: 13    God:    Xom [......]
Gold:   151        SH:  0    Dex: 14    Spells: 2/2 levels left

rFire   . . .        a - +0 short sword (chaos)
rCold   . . .        (no shield)
rNeg    . . .        b - +2 robe
rPois   .            (helmet restricted)
rElec   .            (no cloak)
rCorr   .            (gloves unavailable)
SInv    +            (boots unavailable)
Will    .....        (no amulet)
Stlth   +            g - +6 ring of strength
HPRegen 0.23/turn    (no ring)
MPRegen 0.09/turn

%: no passive effects
@: confused, very quick
A: very small, no large weapons, unfitting armour, see invisible, speed 3,
clumsy 1
a: Renounce Religion


You were on level 2 of the Dungeon.
You worshipped Xom.
You were a very special plaything of Xom.
You visited 1 branch of the dungeon, and saw 2 of its levels.

You collected 151 gold pieces.

Inventory:

Hand Weapons
 a - a +0 short sword of chaos (weapon)
Armour
 b - a +2 robe (worn)
 f - a +0 buckler
Jewellery
 g - a +6 ring of strength (left hand)
 n - a ring of willpower
Wands
 m - a wand of polymorph (6)
Scrolls
 e - 2 scrolls of identify {unknown}
 h - a scroll of teleportation {unknown}
 i - a scroll of immolation {unknown}
 k - a scroll of magic mapping {unknown}
 l - a scroll of fear {unknown}
Potions
 d - a potion of berserk rage {unknown}
 j - 2 potions of flight {unknown}
Miscellaneous
 c - a piece from Xom's chessboard (10/15) (quivered)


   Skills:
 + Level 2.9 Fighting
 + Level 4.1 Short Blades
 + Level 3.6 Dodging
 * Level 2.3 Stealth


You had 2 spell levels left.
You didn't know any spells.
Your spell library contained the following spells:

 Spells                   Type           Power      Damage    Failure   Level
 Stone Arrow              Conj/Erth      0%         3d7       67%         3
 Animate Armour           Summ/Erth      0%         N/A       97%         4
 Lehudib's Crystal Spear  Conj/Erth      0%         10d2      100%        8


Dungeon Overview and Level Annotations

Branches:
Dungeon (2/15)

Altars:


Innate Abilities, Weirdness & Mutations

You are very small and have problems with some larger weapons.
You are too small for most types of armour.
You have supernaturally acute eyesight. (SInv)
You cover ground extremely quickly. (Speed+++)
You are clumsy. (Dex -2)


Message History

You see here a +0 pair of boots.
A gnoll comes into view. It is wielding a +0 spear.
A gnoll comes into view. It is wielding a +0 club.
A gnoll comes into view. It is wielding a +0 halberd.
The gnoll shouts!
You hear a shout!
The gnoll shouts! x2
The gnoll hits you from afar with a +0 spear.
The gnoll barely misses you.
A gnoll comes into view. It is wielding a +1 whip of freezing.
You barely miss the gnoll. The gnoll hits you with a +0 spear.
The gnoll hits you with a +0 halberd!
Ouch! That really hurt!
* * * LOW HITPOINT WARNING * * *
Unknown command.
The gnoll misses you. The gnoll barely misses you. The gnoll misses you.
Unknown command.
You make a move on Xom's chessboard...
The gnoll resists with significant effort.
Unknown command.
Unknown command.
You make a move on Xom's chessboard...
The gnoll seems to speed up.
Unknown command.
Unknown command.
Unknown command.
You make a move on Xom's chessboard...
The gnoll twists and deforms.
Unknown command.
Unknown command.
Unknown command.
You make a move on Xom's chessboard...
The gnoll seems to grow stronger.
Unknown command.
Unknown command.
You make a move on Xom's chessboard...
The gnoll seems to grow stronger.
The gnoll misses you. The gnoll completely misses you.
Unknown command.
Unknown command.
Xom titters.
You are confused.
You're too confused to move!
The gnoll closely misses you. The gnoll hits you with a +0 spear!
You die...
Xom is highly amused!

.......##................#
#.#...#..........#######.##
..)....#########.##.......#######
..#.#.##########.##.#####........
..##.#........##.##.# #.#######
..####.######.##.##.# #.# # #.#
#.# #.##.##.# #.####### #.# #.#
#.##.##.#####........ ..####.###
#.##@##.......####### ..##.....#
#.#(g#####.##.# # .###.#.#[#
#...g# #....# # .......#.#
###..#####....# # ####.###.#
#..g.g......### # # #.....#
#.###.g.......##### # ####### #.#
#.............. # #.#
#.........####. # #.# ####...#.##
#.


You could see 3 gnolls.

Vanquished Creatures
  2 adders (D:2)
  3 dart slugs
  4 endoplasms
  A goblin (D:1)
  8 jackals (D:1)
  3 quokkas (D:1)
  2 ball pythons (D:1)
  4 bats
  2 frilled lizards (D:1)
  3 kobolds
  3 rats
35 creatures vanquished.

Notes
Turn   | Place    | Note
-------+----------+-------------------------------------------
     0 | D:1      | dialectric the Spriggan Chaos Knight began the quest for
                  | the Orb.
     0 | D:1      | Reached XP level 1. HP: 11/11 MP: 2/2
     9 | D:1      | XOM: butterfly on damage
   179 | D:1      | Reached XP level 2. HP: 16/16 MP: 3/3
   237 | D:1      | Found a faded altar of an unknown god.
   573 | D:1      | XOM: butterfly on damage
   578 | D:1      | Reached skill level 1 in Stealth
   773 | D:1      | XOM: polymorph endoplasm -> quokka
   855 | D:1      | XOM: give mutation
   855 | D:1      | Gained mutation: You are clumsy. (Dex -2) [Xom's mischief]
   857 | D:1      | Reached XP level 3. HP: 18/19 MP: 4/4
   994 | D:1      | XOM: draining
  1105 | D:2      | Reached skill level 4 in Short Blades
  1696 | D:2      | XOM: confusion
  1698 | D:2      | Slain by a gnoll

Illustrated notes

Levels and vault maps discovered:
D:1:      minmay_arrival_diagonal_passages, layout_loops_corners,
          dreamdust_ecumenical_altar_hidden_monk_grotto
D:2:      layout_loops_ring

Skill      XL: |  1  2  3 |
---------------+----------+-----
Stealth        | 1 2 |  2.3
Short Blades   | 4 |  4.1
Fighting       | |  2.9
Dodging        | |  3.6

Action                     || total
---------------------------++-------
  Melee: Short sword       ||   116
         Punch             ||     1
  Evoke: Piece from Xom's  ||     5
   Stab: Sleeping          ||     2
         Paralysed         ||     1
 Armour: Robe              ||    19
  Dodge: Dodged            ||   105
